AoeStats
← CendreMilieu818

Scandinavia

510835830Analyzed
1v1 RM · 1d ago on Oct 2, 2026· 56m 18s· 2 players
Game mode
Random Map
Map size
Tiny (2 player)
Population
200
Speed
Normal
Resources
Standard
Victory
Conquest
Starting age
Dark Age
Ending age
Imperial Age
RankedLock teamsTeams togetherTeam positionsShared explorationLock speedFull tech treeHidden civsTurbo modeCheats
Victory
Defeat
🇨🇷 Persians · Costa Rica
777
+16
🇫🇷 Hindustanis · France
773
-37
CendreMilieu818
10:32 Loom
12:47 Feudal Age
15:12 Man-at-Arms
17:01 Scale Barding Armor
17:09 Forging
17:47 Man-at-Arms
18:21 Horse Collar
22:29 Double-Bit Axe
22:51 Gold Mining
27:52 Castle Age
26:56 Bloodlines
30:32 Iron Casting
30:17 Chain Barding Armor
29:25 Pikeman
30:07 Squires
30:23 Husbandry
31:33 Scale Mail Armor
38:54 Bow Saw
40:11 Ballistics
40:12 Fortified Wall
40:24 Masonry
44:16 Imperial Age
43:08 Grand Trunk Road
45:00 Heavy Camel Rider
45:37 Siege Elephant
48:45 Plate Barding Armor
49:11 Blast Furnace
53:00 Chain Mail Armor
Lenguadelbosque
4:04 Loom
11:11 Feudal Age
11:46 Double-Bit Axe
13:38 Town Watch
17:37 Castle Age
17:50 Horse Collar
18:24 Bow Saw
18:28 Fishing Lines
20:37 Gold Mining
21:56 Fervor
23:16 Gillnets
25:40 Wheelbarrow
25:22 Heavy Plow
26:09 Stone Mining
30:13 Imperial Age
28:12 Murder Holes
28:57 Stone Shaft Mining
29:00 Gold Shaft Mining
28:31 Town Patrol
29:28 Hand Cart
29:41 Devotion
31:34 Chemistry
31:37 Two-Man Saw
31:36 Crossbowman
32:21 Thumb Ring
31:37 Elite Skirmisher
33:10 Kamandaran
33:31 Conscription
33:59 Theocracy
33:40 Block Printing
33:28 Fletching
33:38 Padded Archer Armor
33:38 Scale Mail Armor
33:48 Forging
33:43 Scale Barding Armor
33:39 Scale Mail Armor
33:44 Scale Barding Armor
33:49 Forging
35:04 Citadels
35:27 Ballistics
36:07 Crop Rotation
36:51 Faith
37:22 Chain Mail Armor
37:42 Iron Casting
37:12 Scale Barding Armor
37:22 Chain Mail Armor
37:12 Scale Barding Armor
37:42 Iron Casting
37:03 Bodkin Arrow
37:23 Leather Archer Armor
37:03 Bodkin Arrow
37:23 Leather Archer Armor
38:34 Masonry
38:31 Husbandry
38:41 Bloodlines
40:44 Blast Furnace
40:14 Plate Mail Armor
40:45 Blast Furnace
40:32 Chain Barding Armor
40:26 Bloodlines
39:37 Light Cavalry
39:56 Light Cavalry
41:32 Architecture
42:32 Hoardings
42:31 Ring Archer Armor
41:31 Heavy Camel Rider
41:58 Cavalier
43:20 Hussar
44:06 Pikeman
44:31 Gambesons
44:46 Squires
44:31 Arson
44:47 Squires
46:16 Plate Barding Armor
45:39 Halberdier
46:49 Heavy Scorpion
47:51 Guard Tower
50:39 Elite War Elephant
53:37 Herbal Medicine
53:57 Savar
Connection lost

Rejoining the realm…

Still unreachable

The connection could not be restored.

Session expired

The server has moved on; the page needs a fresh start.